Map: Yellowjacket

Players

Lego - Winner!

  • Race: Terran Terran
  • League: Bronze
  • Spawn Location: 3:00

dylu - Winner!

  • Race: Zerg Zerg
  • Spawn Location: 1:00

StupdPainter

  • Race: Terran Terran
  • League: Silver
  • Spawn Location: 7:00

iPlayDefense

  • Race: Terran Terran
  • Spawn Location: 9:00

VOD

Have the link to the VOD?

Description

Time

  • Played on: April 11, 2025, 12:39 p.m.
  • Length: 16:17
Show
View Real Time Build Order
Export as new Build Order

Lego Terran - Winner!

Build Orders: 1/1/1 

Get SALT Encoding   

  12  0:01  SCV  
  13  0:13  SCV  
  14  0:22  Supply Depot  
  14  0:25  SCV  
  15  0:31  Refinery  
  15  0:46  Barracks  
  15  1:23  Command Center  
  15  1:38  Factory  
  15  2:02  Orbital Command  
  15  2:12  Refinery  
  15  2:23  Starport  
  15  2:39  Supply Depot  
  15  2:55  SCV  
  15  2:56  SCV  
  17  3:02  Fusion Core  
  17  3:05  Starport Tech Lab  
  17  3:13  Orbital Command  
  17  3:41  SCV  
  18  3:50  SCV  
  19  3:57  Battlecruiser  
  25  4:07  Armory  
  25  4:26  SCV  
  26  4:36  Factory Tech Lab  
  26  4:44  Starport  
  26  4:49  Refinery  
  26  5:02  Terran Ship Weapons Level 1  
  26  5:11  Viking  
  28  6:16  Viking  
  30  7:19  Starport Reactor  
  30  7:25  Terran Ship Weapons Level 2  
  30  7:35  SCV x2  
  32  7:47  SCV x2  
  32  7:49  Weapon Refit  
  34  7:56  Armory  
  34  7:59  SCV x2, Viking x3  
  42  8:11  Supply Depot  
  42  8:29  Viking x2  
  42  8:33  Viking  
  48  8:38  Supply Depot  
  48  8:42  Smart Servos  
  48  8:56  Starport  
  48  9:00  SCV  
  48  9:01  SCV  
  50  9:05  Refinery  
  50  9:13  SCV  
  51  9:27  Command Center  
  51  9:40  Starport Reactor  
  51  9:41  Raven  
  51  9:44  Viking x2  
  57  9:46  Command Center  
  57  9:48  Terran Vehicle And Ship Armor Level 1, Terran Ship Weapons Level 3  
  51  11:00  Viking x2  
  51  11:01  Viking x3  
  61  11:16  SCV x4  
  65  11:28  SCV  
  65  11:30  Viking x2  
  70  11:41  Viking x3  
  76  12:00  Viking x2  
  74  12:11  Viking x2  
  76  13:46  SCV x4  
  80  13:53  Supply Depot x2  
  80  13:54  Supply Depot  
  80  13:57  Viking x3  
  80  13:58  SCV, Viking x2  
  91  14:03  Orbital Command  
  91  14:04  Orbital Command  
  91  14:27  Ghost Academy, Viking x4  
  91  14:28  Viking  
  101  14:36  Barracks Tech Lab  
  101  14:51  Caduceus Reactor  
  101  14:57  Medivac x2, Viking  
  107  15:45  Ghost  
Show
View Real Time Build Order
Export as new Build Order

dylu Zerg - Winner!

Build Orders: Hatch First, Brood Lord Corruptor, Lurkers 

Get SALT Encoding   

  12  0:02  Drone  
  13  0:09  Drone  
  14  0:16  Overlord  
  14  0:23  Drone, Extractor  
  15  0:36  Drone x2  
  17  0:46  Drone  
  19  0:57  Drone  
  19  0:58  Hatchery  
  18  1:10  Spawning Pool  
  17  1:12  Drone  
  17  1:18  Drone  
  19  1:28  Overlord  
  19  1:36  Extractor  
  18  1:40  Drone  
  19  1:49  Drone  
  20  1:57  Queen  
  22  2:01  Drone  
  23  2:10  Hatchery  
  23  2:11  Queen  
  23  2:14  Drone  
  25  2:19  Zergling x2  
  26  2:24  Drone  
  26  2:25  Zergling x2  
  28  2:38  Drone, Zergling x2  
  28  2:41  Queen  
  32  2:45  Metabolic Boost  
  32  2:54  Queen  
  34  3:01  Drone  
  34  3:03  Overlord  
  35  3:09  Drone  
  36  3:28  Zergling x2  
  36  3:29  Drone x2  
  36  3:30  Drone x6  
  36  3:31  Drone  
  46  3:45  Drone, Lair  
  46  3:46  Drone  
  48  3:50  Spore Crawler  
  48  3:52  Extractor  
  48  3:54  Drone x3  
  49  4:00  Overlord  
  49  4:03  Overlord  
  49  4:12  Spore Crawler, Queen  
  50  4:21  Drone x2  
  50  4:22  Zergling x8  
  56  4:25  Extractor  
  56  4:28  Extractor  
  56  4:29  Spore Crawler  
  53  4:39  Spore Crawler  
  53  4:43  Spine Crawler  
  53  4:44  Spore Crawler  
  50  4:46  Overlord, Spire  
  50  4:47  Overlord  
  50  4:48  Overlord  
  49  5:02  Drone  
  49  5:03  Drone x3  
  53  5:12  Drone x4  
  53  5:13  Drone x4  
  61  5:16  Drone  
  62  5:24  Drone x3  
  62  5:28  Zergling x2  
  66  5:31  Zergling x2  
  66  5:34  Queen  
  69  5:36  Overlord  
  69  5:40  Overlord  
  69  6:07  Evolution Chamber  
  69  6:08  Evolution Chamber  
  69  6:10  Drone x3, Mutalisk x5  
  80  6:11  Zergling x4  
  80  6:12  Zergling x2, Infestation Pit  
  82  6:23  Drone  
  83  6:27  Drone x5  
  83  6:28  Drone x2  
  90  6:32  Extractor  
  90  6:34  Extractor  
  90  6:37  Spore Crawler  
  90  6:39  Spine Crawler  
  86  6:50  Zerg Ground Armor Level 1, Zerg Missile Weapons Level 1  
  86  6:52  Hive  
  86  7:01  Mutalisk  
  86  7:07  Drone x2  
  86  7:08  Drone x4  
  94  7:20  Hatchery  
  93  7:27  Drone x2, Mutalisk x2  
  93  7:28  Zergling x2  
  100  7:40  Zerg Flyer Weapons Level 1  
  100  7:56  Drone, Pneumatized Carapace  
  101  8:01  Drone x3  
  101  8:02  Corruptor  
  101  8:04  Overlord  
  101  8:05  Overlord x7  
  106  8:17  Hydralisk Den  
  106  8:19  Roach Warren  
  104  8:34  Hatchery  
  104  8:40  Queen  
  106  8:41  Drone x4  
  106  8:42  Drone x7  
  106  8:43  Drone x7  
  106  8:44  Zerg Melee Weapons Level 1  
  106  8:46  Overlord  
  123  8:58  Hydralisk x4  
  123  8:59  Hydralisk  
  123  9:00  Zergling x2  
  134  9:07  Zerg Missile Weapons Level 2  
  134  9:09  Grooved Spines  
  125  9:49  Mutalisk, Hydralisk x3  
  125  9:50  Zergling x2, Mutalisk, Hydralisk x2  
  125  9:51  Corruptor, Zergling x6, Hydralisk x2  
  125  9:52  Zergling x2, Roach x2  
  152  9:53  Roach  
  152  9:59  Muscular Augments  
  149  10:10  Extractor  
  149  10:13  Extractor  
  147  10:16  Spore Crawler  
  147  10:17  Spine Crawler, Queen x2  
  147  10:18  Spore Crawler, Queen, Overlord x4, Hydralisk  
  147  10:19  Zergling x2, Corruptor  
  147  10:20  Corruptor x3, Zergling x2, Roach  
  164  10:29  Greater Spire  
  164  10:38  Zerg Ground Armor Level 2  
  164  10:43  Lurker Den  
  164  10:46  Overseer x2  
  164  10:47  Overseer  
  163  11:00  Drone  
  163  11:01  Drone x3  
  167  11:17  Drone  
  168  11:22  Zerg Melee Weapons Level 2  
  168  11:41  Adaptive Talons  
  168  11:45  Zerg Flyer Weapons Level 2  
  168  11:51  Queen  
  168  11:52  Drone x3  
  173  11:54  Burrow  
  173  12:10  Hatchery  
  151  12:38  Seismic Spines  
  151  12:40  Mutalisk, Hydralisk x3  
  151  12:41  Corruptor x3, Mutalisk  
  167  12:45  Brood Lord x4  
  167  12:46  Brood Lord x2  
  167  12:48  Corruptor, Mutalisk, Hydralisk x2  
  167  12:49  Zergling x2, Roach x3  
  167  12:50  Roach  
  196  12:54  Zerg Missile Weapons Level 3  
  196  12:57  Lurker x3  
  199  13:00  Lurker  
  200  13:12  Extractor  
  199  13:15  Extractor  
  199  13:16  Spine Crawler  
  199  13:19  Spine Crawler, Spore Crawler  
  195  13:23  Spore Crawler  
  182  13:44  Drone x2  
  182  13:45  Drone x7  
  191  13:57  Queen  
  191  13:58  Drone x3  
  191  14:01  Zerg Flyer Armor Level 1  
  196  14:33  Overseer  
  151  15:26  Drone, Corruptor, Mutalisk, Hydralisk x3  
  151  15:27  Corruptor x5  
  170  15:51  Mutalisk, Hydralisk x2  
  170  15:52  Zergling x4  
  170  15:53  Zergling x4, Roach  
Show
View Real Time Build Order
Export as new Build Order

StupdPainter Terran 

Build Orders:  

Get SALT Encoding   

  12  0:00  SCV  
  13  0:13  SCV  
  14  0:17  Supply Depot  
  14  0:25  SCV  
  15  0:38  SCV  
  15  0:40  Barracks  
  16  0:47  Refinery  
  16  0:50  SCV  
  17  1:02  SCV  
  18  1:22  Supply Depot  
  18  1:27  Orbital Command  
  18  1:29  Marine  
  19  1:47  Command Center  
  19  1:53  SCV  
  20  2:11  Marine  
  20  2:14  SCV  
  22  2:22  Barracks  
  22  2:24  Refinery, Barracks  
  22  2:26  SCV  
  23  2:39  SCV  
  24  2:51  SCV  
  25  2:59  Orbital Command  
  25  3:05  SCV  
  25  3:10  Barracks Tech Lab  
  26  3:13  Barracks Tech Lab  
  26  3:18  SCV  
  27  3:21  Barracks Reactor  
  27  3:29  SCV, Factory  
  28  3:34  Stimpack  
  28  3:35  Combat Shield  
  28  3:37  Supply Depot  
  28  3:41  SCV x2  
  28  3:45  Marauder  
  32  3:53  SCV  
  32  3:54  SCV  
  32  3:55  Marauder  
  36  4:02  Supply Depot  
  36  4:05  SCV  
  36  4:06  SCV, Marine  
  39  4:14  Factory Tech Lab  
  39  4:17  Marine x2, Marauder  
  39  4:18  SCV x2  
  45  4:27  Starport  
  45  4:33  Engineering Bay  
  45  4:35  Supply Depot  
  45  4:36  SCV x2  
  47  4:40  Marine x2  
  47  4:41  Marauder  
  47  4:42  Marauder  
  53  4:47  Siege Tank  
  53  4:48  SCV x2  
  58  4:58  Marine  
  59  5:00  SCV x2  
  59  5:06  Refinery  
  61  5:08  Refinery  
  61  5:09  Marine x2  
  61  5:11  Marauder  
  65  5:16  Terran Infantry Weapons Level 1  
  65  5:19  Siege Tank  
  67  5:28  Marauder  
  64  5:34  Marine  
  51  5:58  Marine  
  51  5:59  Marine x3  
  51  6:04  Missile Turret  
  49  6:16  Marine  
  49  6:17  Marine x3  
  39  6:34  Marine  
  39  6:35  Marine x3  
  39  6:36  Missile Turret  
  38  6:46  SCV  
  38  6:47  SCV  
  35  6:52  Marine x4  
  33  6:58  SCV  
  29  7:10  Marine x2  
  30  7:30  Siege Tank  
  30  7:33  Medivac  
  35  7:43  Marine  
  35  7:44  Marine  
  36  7:47  SCV x2  
  39  8:03  SCV x2  
  41  8:07  Marine x2  
  43  8:15  SCV  
  43  8:16  SCV  
  45  8:20  Marine x2  
  45  8:25  Marine x2  
  49  8:29  Medivac  
  49  8:32  Siege Tank  
  54  8:38  Marine x2  
  56  8:49  Marine x2  
  58  8:56  SCV, Marine  
  58  8:57  SCV  
  61  9:08  SCV  
  61  9:09  SCV  
  57  9:35  Marine x4  
  58  9:50  Widow Mine  
  60  9:53  Marine x2  
  62  10:06  Marine  
  60  10:08  Marine  
  60  10:10  Marine  
  62  10:16  Siege Tank  
  62  10:20  SCV  
  66  10:28  Marine  
  66  10:29  Marine  
  67  11:03  Marine  
  68  11:04  Marine x2  
  63  13:32  Marine x2  
  63  13:33  Marine  
  63  13:34  Siege Tank, Marine  
  39  13:50  Marine x2  
  39  13:51  Marine x2  
  43  14:08  Marine x2  
  43  14:09  Marine x2  
  47  14:12  Siege Tank  
  50  14:44  Siege Tank  
  48  15:16  Siege Tank  
Show
View Real Time Build Order
Export as new Build Order

iPlayDefense Terran 

Build Orders:  

Get SALT Encoding   

  12  0:01  SCV  
  13  0:32  Refinery  
  13  0:33  Supply Depot, SCV  
  14  0:45  SCV  
  15  0:56  Barracks  
  15  0:58  SCV  
  16  1:07  Refinery  
  16  1:12  SCV  
  17  1:24  SCV  
  18  1:43  Orbital Command  
  18  1:44  Barracks Reactor  
  18  1:50  Supply Depot  
  18  2:16  Factory  
  18  2:18  SCV  
  18  2:21  Marine x2  
  21  2:38  Marine  
  21  2:39  Marine  
  23  2:55  Command Center  
  23  2:56  Marine  
  24  3:11  Barracks  
  24  3:12  Factory Reactor  
  24  3:31  SCV  
  25  3:43  SCV  
  26  3:53  Widow Mine x2  
  31  3:55  SCV  
  31  4:03  Barracks Tech Lab  
  31  4:07  SCV  
  31  4:09  Barracks  
  32  4:14  Widow Mine  
  32  4:15  Widow Mine  
  36  4:19  SCV  
  36  4:23  Combat Shield  
  37  4:35  SCV x2  
  37  4:38  Bunker  
  39  4:47  SCV, Marine x2  
  42  5:04  Marine  
  43  5:17  Bunker  
  43  5:19  SCV x2  
  45  5:31  SCV  
  46  5:37  Supply Depot  
  46  5:39  Barracks Tech Lab  
  46  5:54  Engineering Bay  
  46  5:59  SCV x2  
  46  6:00  Supply Depot  
  48  6:11  SCV x2  
  50  6:23  Supply Depot, SCV x2  
  52  6:28  Marine  
  52  6:30  Marine x3  
  56  6:37  Widow Mine  
  56  6:38  Widow Mine  
  60  6:46  Supply Depot, Marine  
  61  6:48  Marine x3  
  61  6:50  Terran Infantry Weapons Level 1  
  61  6:53  Stimpack  
  64  6:55  Missile Turret  
  64  6:59  Widow Mine x2  
  68  7:01  Orbital Command  
  68  7:04  Marine  
  68  7:05  Marine  
  68  7:08  Supply Depot, Marine x2  
  69  7:20  Widow Mine  
  69  7:21  Widow Mine  
  69  7:22  Marine  
  74  7:23  Marine  
  74  7:25  Marine x2  
  74  7:29  SCV  
  78  7:40  Supply Depot  
  78  7:42  Widow Mine x2  
  78  7:43  Marine x2, Refinery  
  84  7:48  SCV  
  84  7:49  Refinery  
  85  7:58  Missile Turret  
  85  8:00  SCV  
  85  8:03  Supply Depot  
  85  8:05  SCV  
  87  8:09  Widow Mine x2  
  87  8:12  SCV  
  92  8:17  SCV  
  92  8:19  Missile Turret  
  93  8:25  Supply Depot  
  93  8:29  SCV  
  93  8:30  Widow Mine  
  93  8:31  Widow Mine  
  98  8:35  Marine x3  
  98  8:36  Marine  
  98  8:38  Missile Turret  
  102  8:44  Terran Infantry Armor Level 1  
  102  8:52  Widow Mine x2  
  102  8:53  Marine x4, Factory  
  110  8:59  Missile Turret  
  110  9:19  Missile Turret  
  110  9:28  Command Center  
  110  9:33  Widow Mine  
  110  9:34  Marine  
  110  9:35  Marine x2, Widow Mine  
  110  9:39  Supply Depot, Marine  
  110  9:44  Bunker  
  110  9:45  Starport  
  107  9:52  Marine  
  101  9:53  Marine x2  
  101  9:57  Marine  
  105  10:02  Supply Depot  
  105  10:07  Factory Tech Lab  
  105  10:10  Marine  
  106  10:14  Marine, Bunker  
  107  10:23  Starport  
  107  10:25  Supply Depot  
  107  10:38  Neosteel Armor  
  107  10:39  SCV  
  107  10:40  SCV  
  109  10:44  Command Center  
  109  10:46  Siege Tank  
  109  10:48  Supply Depot  
  109  10:49  Bunker  
  112  10:51  SCV  
  112  10:52  SCV  
  114  10:59  Missile Turret  
  114  11:04  SCV x2  
  114  11:10  Supply Depot  
  115  11:16  SCV x2  
  117  11:18  Siege Tank  
  117  11:22  Starport Reactor x2  
  120  11:28  SCV x2  
  122  11:34  Command Center  
  122  11:35  Armory  
  122  11:50  Siege Tank  
  122  11:51  Command Center  
  125  12:04  Widow Mine x2  
  127  12:18  Hi-Sec Auto Tracking  
  127  12:22  Medivac x3  
  129  12:23  Siege Tank, Medivac  
  129  12:25  Widow Mine  
  129  12:26  Widow Mine  
  122  12:46  Widow Mine  
  122  12:47  Widow Mine  
  126  12:52  Medivac x3  
  126  12:55  Siege Tank  
  126  12:57  Bunker  
  131  13:08  Widow Mine x2, Bunker  
  134  13:17  Missile Turret  
  125  13:33  SCV  
  125  13:34  SCV  
  127  13:35  Missile Turret  
  127  13:43  Marine  
  127  13:44  Marine x3  
  127  13:45  SCV  
  127  13:46  SCV  
  133  13:55  Missile Turret  
  133  13:57  SCV  
  133  13:58  SCV  
  133  14:01  Marine  
  133  14:02  Marine x3  
  139  14:09  SCV  
  140  14:10  SCV  
  140  14:15  Bunker  
  141  14:19  Marine x4  
  141  14:20  Liberator  
  141  14:21  Liberator x3  
  141  14:22  SCV x2  
  143  14:37  Marine x4  
  147  14:40  Widow Mine  
  147  14:41  Widow Mine  
  147  14:45  Bunker  
  144  14:55  Marine x2  
  144  15:02  Widow Mine x2  
  144  15:03  Liberator x3  
  144  15:04  Liberator  
  154  15:16  Bunker  
  150  15:23  Widow Mine  
  150  15:24  Widow Mine  
  153  15:34  Marine  
  153  15:35  Marine x3  
  138  15:45  Widow Mine x2  
  148  15:52  Marine  
  148  15:53  Marine x3  
  148  16:06  Missile Turret  
Tags
 
Add a new tag
Caveats
  • Supply blocks, unpowered buildings, or Contaminate may cause inaccurate times.
  • Supply counts are checked every 10 seconds.